 Dungeon Crawl Stone Soup version 0.29-a0-994-gc5c9f59 (webtiles) character file.

Game seed: 18323609622790861424

1509 Illumine the Sneak (level 8, -4/43 (46) HPs)
             Began as a Deep Elf Enchanter on Aug 2, 2022.
             Was an Initiate of Sif Muna.
             Slain by a wight
             ... wielding a +0 morningstar
              (9 damage)
             ... on level 7 of the Dungeon.
             The game lasted 00:16:23 (6719 turns).

Illumine the Sneak (Deep Elf Enchanter)             Turns: 6719, Time: 00:16:24

HP:   -4/43 (46)    AC:  5    Str:  5    XL:     8   Next: 53%
MP:   10/20         EV: 13    Int: 23    God:    Sif Muna [......]
Gold: 275           SH:  0    Dex: 15    Spells: 12/20 levels left

rFire   . . .      SeeInvis +   a - +2 dagger (drain)
rCold   . . .      Faith    .   (no shield)
rNeg    . . .      Spirit   .   E - +0 steam dragon scales
rPois   .          Reflect  .   (no helmet)
rElec   .          Harm     .   (no cloak)
rCorr   .          Rampage  .   (no gloves)
Will    .....                   (no boots)
Stlth   ++++......              (no amulet)
HPRegen 0.14/turn               h - ring of see invisible
MPRegen 0.17/turn               l - ring of flight

@: flying, drained
A: no striking features
a: Renounce Religion


You were on level 7 of the Dungeon.
You worshipped Sif Muna.
Sif Muna was noncommittal.
You visited 2 branches of the dungeon, and saw 8 of its levels.

You collected 275 gold pieces.

Inventory:

Hand Weapons
 a - a +2 dagger of draining (weapon)
 m - a +2 short sword of holy wrath
 w - the +5 trident "Buizuts" {flame, Drain +Blink rPois Int+3}
   (You found it on level 5 of the Dungeon)

   It burns those it strikes, dealing additional fire damage.
   Int:       It affects your intelligence (+3).
   rPois:     It protects you from poison.
   +Blink:    It lets you blink.
   Drain:     It drains your maximum health when unequipped.
Missiles
 e - 13 poisoned darts (quivered)
 z - a throwing net
Armour
 b - the +2 cloak of the Mind {rF+ MP-9 Str+4 Dex+4}
   (You found it on level 7 of the Dungeon)

   Str:       It affects your strength (+4).
   Dex:       It affects your dexterity (+4).
   rF:        It protects you from fire.
   MP:        It affects your magic capacity (-9).
 A - a +0 pair of gloves
 B - a +0 buckler
 E - +0 steam dragon scales (worn)
Jewellery
 h - a ring of see invisible (left hand)
 l - a ring of flight (right hand)
Wands
 p - a wand of polymorph (2)
 x - a wand of digging (5)
 C - a wand of mindburst (10)
 D - a wand of charming (5)
Scrolls
 f - a scroll of fear
 g - 3 scrolls of amnesia
 k - a scroll of poison {unknown}
 n - 2 scrolls of enchant armour
 q - a scroll of silence {unknown}
 s - a scroll of brand weapon {unknown}
 u - a scroll of noise {unknown}
 v - a scroll of enchant weapon {unknown}
 y - a scroll of teleportation {unknown}
Potions
 c - a potion of invisibility
 d - a potion of berserk rage {unknown}
 i - 5 potions of curing
 j - a potion of attraction {unknown}
 o - 3 potions of heal wounds
 r - a potion of flight
 t - a potion of degeneration {unknown}


   Skills:
 + Level 3.5 Fighting
 - Level 2.0 Short Blades
 - Level 4.1 Dodging
 + Level 7.6 Stealth
 + Level 1.5 Shields
 + Level 6.7 Spellcasting
 + Level 7.6 Hexes
 - Level 2.0 Ice Magic


You had 12 spell levels left.
You knew the following spells:

 Your Spells              Type           Power      Damage    Failure   Level
a - Ensorcelled Hibernat  Hex/Ice        58%        N/A       1%          2
b - Confusing Touch       Hex            42%        N/A       1%          3
c - Tukima's Dance        Hex            42%        N/A       1%          3

Your spell library contained the following spells:

 Spells                   Type           Power      Damage    Failure   Level
 Dazzling Flash           Conj/Hex       50%        N/A       4%          3
 Magic Dart               Conj           28%        1d4       8%          1
 Call Imp                 Summ           7%         N/A       12%         2
 Scorch                   Fire           14%        2d6       12%         2
 Mephitic Cloud           Conj/Pois/Air  7%         N/A       24%         3
 Flame Wave               Conj/Fire      7%         2d5       61%         4
 Summon Cactus Giant      Summ           3%         N/A       100%        6


Dungeon Overview and Level Annotations

Branches:
Dungeon (7/15)             Temple (1/1) D:6

Altars:
Ashenzari
Cheibriados
Elyvilon
Fedhas
Gozag
Kikubaaqudgha
Makhleb
Nemelex Xobeh
Qazlal
Sif Muna
Trog
Uskayaw
Wu Jian
Yredelemnul
Zin

Annotations:
D:2 Sigmund


Message History

The wight closely misses you.
You barely miss the wight. You hit the wight.
The wight is lightly damaged.
The wight hits you with a +0 morningstar!
The wight hits the wight.
You hit the wight but do no damage.
The wight is lightly damaged.
The wight completely misses you. The wight hits you.
You feel drained.
You hit the wight.
The wight is moderately damaged.
The wight barely misses you. The wight misses you.
You hit the wight but do no damage.
The wight is moderately damaged.
The wight barely misses you.
Casting: Confusing Touch (safe; 1% risk of failure)
Confirm with . or Enter, or press ? or * to list all spells.
Your hands begin to glow red.
The wight hits you with a +0 morningstar.
You feel drained.
You barely miss the wight.
The wight is lightly damaged.
The wight barely misses you.
You barely miss the wight.
The wight is lightly damaged.
The wight hits the wight.
The wight hits itself.
The wight hits you with a +0 morningstar!
* * * LOW HITPOINT WARNING * * *
You barely miss the wight.
The wight is moderately damaged.
The wight barely misses you.
You hit the wight but do no damage.
The wight is moderately damaged.
The wight misses the wight.
The wight hits you with a +0 morningstar!
* * * LOW HITPOINT WARNING * * *
You hit the wight but do no damage.
The wight appears confused.
The wight is moderately damaged.
The wight hits you with a +0 morningstar!
You die...

#### ####### ...#
##.[...##
#..###..#'#..##
#z.#..##.##..#####
#...##...##.....#
##'##.....##'##..
##...##...##...##
##@zz..##.##.....##
#...♣...#'#...8...#
##.....##.##.....##
##...##...##...##
##'##.....##'##
##...##...##...##
##.....##.##.....##
+...<...'''.......#
##.....##.##.....##


You could see 2 wights.

Vanquished Creatures
  A steam dragon (D:7)
  A black bear (D:5)
  An ice beast (D:7)
  A centaur (D:7)
  A phantom (D:4)
  A gnoll sergeant (D:6)
  2 scorpions
  A wight (D:7)
  5 hounds
  3 jellies
  3 orc priests
  3 iguanas
  4 orc wizards
  12 gnolls
  10 adders
  A white imp (D:5)
  An ufetubus (D:7)
  2 worms
  2 dart slugs
  14 orcs
  8 ball pythons
  8 endoplasms
  6 giant cockroaches
  8 hobgoblins
  7 kobolds
  4 quokkas
  3 bats
  8 frilled lizards
  3 goblins
  3 rats
127 creatures vanquished.

Vanquished Creatures (others)
  A dancing weapon (D:7)
1 creature vanquished.

Grand Total: 128 creatures vanquished

Notes
Turn   | Place    | Note
-------+----------+-------------------------------------------
     0 | D:1      | Illumine the Deep Elf Enchanter began the quest for the
                  | Orb.
     0 | D:1      | Reached XP level 1. HP: 10/10 MP: 6/6
   196 | D:1      | Reached XP level 2. HP: 8/15 MP: 8/8
   203 | D:1      | Learned a level 2 spell: Ensorcelled Hibernation
  1142 | D:2      | Noticed Sigmund
  1208 | D:2      | Reached XP level 3. HP: 16/19 MP: 0/9
  1288 | D:2      | Learned a level 3 spell: Confusing Touch
  1292 | D:2      | Learned a level 3 spell: Tukima's Dance
  1553 | D:3      | Reached skill level 1 in Ice Magic
  1873 | D:3      | Reached XP level 4. HP: 24/24 MP: 4/10
  2241 | D:3      | Reached skill level 5 in Stealth
  2342 | D:3      | Reached skill level 5 in Hexes
  2461 | D:4      | Reached skill level 1 in Fighting
  2461 | D:4      | Reached XP level 5. HP: 29/29 MP: 9/12
  3302 | D:4      | Found a broken altar of Ashenzari.
  3307 | D:4      | Noticed a phantom
  3330 | D:4      | Killed a phantom
  3331 | D:4      | Reached XP level 6. HP: 32/35 MP: 11/14
  3746 | D:5      | Entered Level 5 of the Dungeon
  3882 | D:5      | Identified the +5 trident "Buizuts" {flame, Drain +Blink
                  | rPois Int+3}
  4153 | D:5      | Reached skill level 5 in Spellcasting
  4171 | D:5      | Reached XP level 7. HP: 40/40 MP: 16/16
  4231 | D:5      | HP: 2/40 [orc priest/nerve-wracking pain (7)]
  5406 | D:6      | Noticed a steam dragon
  5918 | D:6      | Reached XP level 8. HP: 46/46 MP: 12/19
  6006 | D:6      | Found a staircase to the Ecumenical Temple.
  6278 | D:7      | Reached skill level 1 in Shields
  6311 | D:7      | Identified the +2 cloak of the Mind {rF+ MP-9 Str+4 Dex+4}
  6557 | Temple   | Entered the Ecumenical Temple
  6661 | Temple   | Became a worshipper of Sif Muna the Loreminder
  6719 | D:7      | Slain by a wight

Illustrated notes

Levels and vault maps discovered:
D:1:      sevenhm_arrival_forest_fort_small_3, layout_rooms
D:2:      layout_basic, hellmonk_ecumenical_altar_leap_of_faith,
          minmay_misc_feat_x, uniq_sigmund
D:3:      layout_rooms, kennysheep_generic_room_5
D:4:      layout_cave_pools, mainiacjoe_overflow_paths,
          kennysheep_generic_room_2
D:5:      layout_loops_ring
D:6:      layout_gridville, minmay_temple_entry_from_below_a, st_stairs_14
D:7:      layout_loops_ring, nicolae_hexahallways, serial_bayou_pond_d,
          minmay_diced_spiral
Temple:   nicolae_temple_slightly_damp_pantheon

Skill      XL: |  1  2  3  4  5  6  7  8 |
---------------+-------------------------+-----
Stealth        | 4 5 6 7 |  7.6
Short Blades   | 2 |  2.0
Ice Magic      | 1 2 |  2.0
Hexes          | 5 6 7 |  7.6
Fighting       | 1 2 3 |  3.5
Spellcasting   | 4 5 6 |  6.7
Dodging        | 3 4 |  4.1
Shields        | 1 |  1.5

Action                   |  1- 3 |  4- 6 |  7- 9 || total
-------------------------+-------+-------+-------++-------
Melee: Dagger            |    85 |    94 |    65 ||   244
       Punch             |     2 |       |     2 ||     4
       Short sword       |       |       |     6 ||     6
 Cast: Ensorcelled Hiber |    24 |    56 |    41 ||   121
       Tukima's Dance    |     2 |     4 |     5 ||    11
       Confusing Touch   |       |     1 |     5 ||     6
  Use: Potion            |     1 |       |     1 ||     2
       Scroll            |       |       |     6 ||     6
 Stab: Invisible         |     2 |       |     1 ||     3
       Sleeping          |    27 |    44 |    29 ||   100
       Confused          |       |     1 |     1 ||     2
Armor: Robe              |    10 |     7 |     3 ||    20
       Steam dragon scal |       |       |     3 ||     3
Dodge: Dodged            |    49 |    43 |    57 ||   149

Table legend: (Time is in decaauts)
 A = Elapsed time spent in this place.
 B = Non-inter-level travel time spent in this place.
 C = Inter-level travel time spent in this place.
 D = Time resting spent in this place.
 E = Time spent auto-exploring this place.
 F = Levels seen in this place.
 G = Mean time per level.
                   A        B        C        D        E       F      G
               +--------+--------+--------+--------+--------+-----+--------+
         Total |   6702 |   6530 |    172 |   2489 |   2210 |   8 |  837.8 |
       Dungeon |   6578 |   6424 |    154 |   2489 |   2131 |   7 |  939.7 |
        Temple |    123 |    105 |     18 |      0 |     79 |   1 |  123.0 |
               +--------+--------+--------+--------+--------+-----+--------+

Top non-repeatable levels by time:
     D:5: 1556 daAuts
     D:4: 1202 daAuts
     D:1: 957 daAuts
     D:3: 930 daAuts
     D:2: 754 daAuts
     D:6: 633 daAuts
     D:7: 542 daAuts
  Temple: 123 daAuts
